 Dungeon Crawl Stone Soup version 0.17.0-28-g6e173f8 (webtiles) character file.

107 PossumBlood the Conjurer (level 4, 0/24 HPs)
             Began as a Deep Elf Conjurer on Nov 25, 2015.
             Succumbed to an adder's poison
             ... on level 3 of the Dungeon.
             The game lasted 00:10:10 (2861 turns).

PossumBlood the Conjurer (Deep Elf Conjurer)        Turns: 2861, Time: 00:10:10

Health: 0/24       AC:  2    Str:  5    XL:     4   Next: 57%
Magic:  4/10       EV: 13    Int: 21    God:
Gold:   117        SH:  0    Dex: 15    Spells: 1 memorised, 8 levels left

rFire  . . .     SeeInvis .     g - +1 dagger (holy)
rCold  . . .     Clarity  .     a - +0 robe
rNeg   . . .     SustAt   .     (no shield)
rPois  .         Gourm    .     (no helmet)
rElec  .         Spirit   .     (no cloak)
rCorr  .         Warding  .     (no gloves)
rMut   .         Stasis   .     (no boots)
MR     .....                    (no amulet)
Stlth  ++........               (no ring)
                                (no ring)

@: lethally poisoned (0 -> -9), not resistant to hostile enchantments,
unstealthy
A: no striking features
a: no special abilities


You were on level 3 of the Dungeon.
You were not hungry.

You visited 1 branch of the dungeon, and saw 3 of its levels.

You collected 117 gold pieces.

Inventory:

Hand Weapons
 e - a +0 dagger
 f - a +0 short sword
 g - a +1 dagger of holy wrath (weapon)
 n - a cursed -1 dagger
Armour
 a - a +0 robe (worn)
Jewellery
 c - an uncursed amulet of faith
Wands
 m - a wand of flame (20)
Scrolls
 h - a scroll of identify
 l - 2 scrolls of remove curse
 o - a scroll of fear
 p - a scroll of magic mapping
Books
 b - a book of Conjurations

   Spells                             Type                      Level
   a - Magic Dart                     Conjuration                  1
   b - Searing Ray                    Conjuration                  2
   c - Dazzling Spray                 Conjuration/Hexes            3
   d - Fulminant Prism                Conjuration/Hexes            4
   e - Iskenderun's Mystic Blast      Conjuration                  4
   f - Iskenderun's Battlesphere      Conjuration/Charms           5
Comestibles
 d - 2 meat rations
 k - 2 slices of pizza


   Skills:
 - Level 2.4 Dodging
 - Level 2.4 Stealth
 - Level 3.0 Spellcasting
 + Level 6.6 Conjurations


You had 8 spell levels left.
You knew the following spells:

 Your Spells              Type           Power        Failure   Level  Hunger
a - Magic Dart            Conj           ####         1%          1    None


Dungeon Overview and Level Annotations

Branches:
Dungeon (3/15)

Altars:
Nemelex Xobeh
Zin

Annotations:
D:3 Robin


Message History

You feel strangely unstable.
You feel sick. The adder bites you.
* * * LOW HITPOINT WARNING * * *
* * * LOW HITPOINT WARNING * * *
You feel sick. The adder closely misses you.
* * * LOW HITPOINT WARNING * * *
You feel sick.
* * * LOW HITPOINT WARNING * * *
You feel sick.
Your surroundings suddenly seem different.
* * * LOW HITPOINT WARNING * * *
You feel sick.
You aren't carrying any potions.
Read which item? (? for menu, Esc to quit)
None of your equipped items are cursed.
Unknown command.
* * * LOW HITPOINT WARNING * * *
You feel sick.
* * * LOW HITPOINT WARNING * * *
You feel sick.
You die...

#.......
...#...
## ##..
##. #. #
#.
####.##
##'
#.....#
##..
#@#.#.#
##...
#..##
#....
#.#.#
#....
#.##..
#....
#.# ..#
#....
#.. ...
#....
### #.#
##... .#
##.. ##'


There were no monsters in sight!

Vanquished Creatures
  3 adders (D:2)
  A worm (D:2)
  A giant gecko (D:2)
  5 orcs (D:3)
  8 bats
  2 giant cockroaches
  14 goblins
  9 hobgoblins
  8 jackals
  3 giant newts
  11 kobolds
  3 rats (D:2)
68 creatures vanquished.

Notes
Turn   | Place    | Note
--------------------------------------------------------------
     0 | D:1      | PossumBlood the Deep Elf Conjurer began the quest for the Orb.
     0 | D:1      | Reached XP level 1. HP: 10/10 MP: 6/6
   105 | D:1      | Reached XP level 2. HP: 15/15 MP: 1/8
   288 | D:1      | Reached skill level 5 in Conjurations
   893 | D:1      | Reached XP level 3. HP: 19/19 MP: 5/9
  1430 | D:2      | Reached skill level 6 in Conjurations
  1667 | D:2      | Found a sparkling altar of Nemelex Xobeh.
  1678 | D:2      | Reached XP level 4. HP: 20/24 MP: 5/10
  1961 | D:3      | Found a glowing silver altar of Zin.
  2313 | D:3      | Noticed Robin
  2860 | D:3      | HP: 1/24 [poisoned by an adder]
  2861 | D:3      | Succumbed to an adder's poison

Action                   |  1- 3 |  4- 6 || total
-------------------------+-------+-------++-------
Melee: Dagger            |     3 |    10 ||    13
 Cast: Magic Dart        |    78 |    52 ||   130
  Use: Scroll            |     7 |     5 ||    12
       Potion            |     2 |       ||     2
  Eat: Bread ration      |     1 |       ||     1
       Beef jerky        |       |     1 ||     1
